 Dungeon Crawl Stone Soup version 0.26-a0-651-gb41185065b (webtiles) character file.

Game seed: 3919659331997041433

61 kae the Ruffian (level 3, -4/28 HPs)
             Began as a Draconian Transmuter on Oct 23, 2020.
             Slain by Edmund
             ... wielding a +6 flail of draining
              (19 damage)
             ... on level 4 of the Dungeon.
             The game lasted 00:00:57 (2146 turns).

kae the Ruffian (Draconian Transmuter)              Turns: 2146, Time: 00:00:58

Health: -4/28      AC:  2    Str: 13    XL:     3   Next: 83%
Magic:  3/6        EV: 19    Int: 13    God:
Gold:   102        SH:  0    Dex: 16    Spells: 0/6 levels left

rFire    . . .     SeeInvis .     - Unarmed
rCold    . . .     Faith    .   (shield currently unavailable)
rNeg     . . .     Spirit   .   (armour unavailable)
rPois    x         Reflect  .   (helmet currently unavailable)
rElec    .         Harm     .   (cloak currently unavailable)
rCorr    .         Rampage  .   (gloves currently unavailable)
MR       .....                  (boots currently unavailable)
Stlth    +.........             (no amulet)
HPRegen  0.09/turn              (no ring)
MPRegen  0.10/turn              (no ring)

@: spider-form, lightly drained
A: tiny, unfitting armour, AC +5
a: End Transformation


You were on level 4 of the Dungeon.
You were a venomous arachnid creature.
You visited 1 branch of the dungeon, and saw 3 of its levels.

You collected 102 gold pieces.

Inventory:

Scrolls
 a - a scroll of remove curse {unknown}
 b - 4 scrolls of teleportation {unknown}
 c - 4 scrolls of identify {unknown}
 e - 2 scrolls of fear {unknown}
 i - a scroll of magic mapping {unknown}
Potions
 d - a potion of stabbing {unknown}
 f - a potion of might {unknown}
 g - a potion of degeneration {unknown}
 h - a potion of cancellation {unknown}


   Skills:
 - Level 1.1(0.7) Fighting
 - Level 1.7(1.4) Dodging
 * Level 4.3(4.0) Unarmed Combat
 - Level 2.0(1.6) Spellcasting
 + Level 2.8(2.5) Transmutations


You couldn't memorise any spells.
You knew the following spells:

 Your Spells              Type           Power        Failure   Level
a - Beastly Appendage     Tmut           #.....       24%         1
b - Wereblood             Tmut           #.......     32%         2
c - Spider Form           Tmut/Pois      #.........   65%         3

Your spell library contained the following spells:

 Spells                   Type           Power        Failure   Level
 Ice Form                 Ice/Tmut       #.......     94%         4
 Blade Hands              Tmut           #.........   99%         5


Dungeon Overview and Level Annotations

Branches:
Dungeon (2/15)

Altars:
Cheibriados
Ru
The Shining One

Annotations:
D:4 Edmund


Innate Abilities, Weirdness & Mutations

((Your plain brown scales are hard. (AC +5)))
You cannot fit into any form of body armour.
((You are cold-blooded and may be slowed by cold attacks.))


Message History

Edmund says, "People think my brother is the best.
I think he's crazy."
Found a lumpy pink potion.
Edmund is nearby!
Edmund is nearby!
Edmund is nearby!
Cast which spell? (? or * to list)
The spell is extremely dangerous to cast (38% risk of failure)!
Continue anyway? [Y]es or [N]o only, please.
The spell is extremely dangerous to cast (38% risk of failure)!
Continue anyway? [Y]es or [N]o only, please.
The spell is extremely dangerous to cast (38% risk of failure)!
Continue anyway?
You turn into a venomous arachnid creature.
Edmund hits you with a +6 flail of draining!
You feel drained.
You hit Edmund but do no damage.
Edmund is poisoned.
You hit Edmund.
Edmund is lightly wounded.
Edmund hits you with a +6 flail of draining!!
Ouch! That really hurt!
You die...

.# #.# ##.##
.# #.#
####.#### .#
#.#
#.......#
.###.#
#.#####.#
.....#######
#.##
###........
#..#
#.#######
#..#
###.#####
#.#####..#
#.......#
#...@s...#
#.......#
####.###.#
#.......# #.
#.#
#.......# #.
..#
#.......# ..
#..
#.[.....# +.
## #.......#
.. ####.####
P. #.#


You could see Edmund (very poisoned).

Vanquished Creatures
  An ooze (D:2)
  2 worms (D:2)
  2 dart slugs
  2 leopard geckos (D:1)
  A ball python (D:2)
  2 giant cockroaches (D:2)
  2 goblins (D:1)
  8 hobgoblins
  A jackal (D:2)
  7 kobolds
  9 bats
  4 frilled lizards
  3 rats (D:1)
44 creatures vanquished.

Notes
Turn   | Place    | Note
-------+----------+-------------------------------------------
     0 | D:1      | kae the Draconian Transmuter began the quest for the Orb.
     0 | D:1      | Reached XP level 1. HP: 16/16 MP: 3/3
   207 | D:1      | Reached XP level 2. HP: 23/23 MP: 3/5
   806 | D:1      | Reached XP level 3. HP: 26/28 MP: 6/6
  1099 | D:1      | Reached skill level 4 in Unarmed Combat
  1388 | D:2      | Found a snail-covered altar of Cheibriados.
  1417 | D:2      | Learned a level 2 spell: Wereblood
  1421 | D:2      | Learned a level 3 spell: Spider Form
  2020 | D:2      | Found a glowing golden altar of the Shining One.
  2064 | D:2      | Found a sacrificial altar of Ru.
  2071 | D:2      | You fall into a shaft and drop 2 floors!
  2141 | D:4      | Noticed Edmund
  2146 | D:4      | Slain by Edmund

Illustrated notes

Levels and vault maps discovered:
D:1:      lightli_molten_gateway, layout_basic
D:2:      layout_loops_ring, nicolae_overflow_crystal_walls,
          nicolae_ru_awakened_eye, kennysheep_slug_shrine
D:4:      layout_loops_ring, uniq_natasha, uniq_crazy_yiuf_cottage,
          uniq_sigmund, uniq_edmund

Skill      XL: |  1  2  3 |
---------------+----------+-----
Unarmed Combat | 4 |  4.3
Fighting       | |  1.1
Dodging        | |  1.7
Spellcasting   | |  2.0
Transmutations | |  2.8

Action                   || total
-------------------------++-------
Melee: Unarmed           ||   150
       Tailslap          ||    15
       Kick              ||    10
       Headbutt          ||     5
 Cast: Beastly Appendage ||    22
       Spider Form       ||     1
 Stab: Sleeping          ||     3
Armor: Skin              ||    56
Dodge: Dodged            ||   105

Table legend: (Time is in decaauts)
 A = Elapsed time spent in this place.
 B = Non-inter-level travel time spent in this place.
 C = Inter-level travel time spent in this place.
 D = Time resting spent in this place.
 E = Time spent auto-exploring this place.
 F = Levels seen in this place.
 G = Mean time per level.
                   A        B        C        D        E       F      G
               +--------+--------+--------+--------+--------+-----+--------+
         Total |   2139 |   2132 |      7 |      8 |   1784 |   3 |  713.0 |
       Dungeon |   2139 |   2132 |      7 |      8 |   1784 |   3 |  713.0 |
               +--------+--------+--------+--------+--------+-----+--------+

Top non-repeatable levels by time:
     D:1: 1282 daAuts
     D:2: 782 daAuts
     D:4: 74 daAuts
